 Dungeon Crawl Stone Soup version 0.30-a0-377-g5cb311bc9f (webtiles) character file.

Game seed: 10951744443679437688

40 sanka the Grave Robber (level 3, 26/26 HPs)
             Began as a Ghoul Necromancer on Nov 29, 2022.
             Quit the game on level 2 of the Dungeon.
             The game lasted 00:03:00 (1376 turns).

sanka the Grave Robber (Ghoul Necromancer)          Turns: 1376, Time: 00:03:00

Health: 26/26      AC:  5    Str: 11    XL:     3   Next: 50%
Magic:  5/5        EV: 12    Int: 12    God:
Gold:   92         SH:  0    Dex:  9    Spells: 2/6 levels left

rFire   + . .      SeeInvis .    (no weapon)
rCold   . . .      Faith    .    (no shield)
rNeg    + + +      Spirit   .    a - +0 robe
rPois   ∞          Reflect  .    (no helmet)
rElec   .          Harm     .    f - +2 cloak
rCorr   .          Rampage  .    (no gloves)
Will    .....                    (no boots)
Stlth   ++........               (no amulet)
HPRegen 0.24/turn                j - ring of fire
MPRegen 0.09/turn                (no ring)

@: no status effects
A: claws 1, cold resistance 1, negative energy resistance 3, inhibited
regeneration, torment resistance 2, devour on kill
a: no special abilities


You were on level 2 of the Dungeon.
You visited 1 branch of the dungeon, and saw 2 of its levels.

You collected 92 gold pieces.


Innate Abilities, Weirdness & Mutations

You are immune to poison.
You have sharp fingernails.
Your flesh is cold resistant. (rC+)
You are immune to negative energy. (rN+++)
You do not regenerate when monsters are visible.
You are immune to unholy pain and torment.
You thrive by killing the living.


   Skills:
 - Level 1.7 Dodging
 - Level 2.1 Stealth
 - Level 2.0 Spellcasting
 + Level 5.1 Necromancy


You had 2 spell levels left.
You knew the following spells:

 Your Spells              Type           Power      Damage    Failure   Level
y - Necrotise             Necr           52%        1d6       3%          1
z - Vampiric Draining     Necr           13%        2d6       10%         3

Your spell library contained the following spells:

 Spells                   Type           Power      Damage    Failure   Level
 Apportation              Tloc           2%         N/A       26%         1
 Summon Small Mammal      Summ           4%         N/A       26%         1
 Animate Dead             Necr           13%        N/A       32%         4
 Agony                    Necr           13%        N/A       67%         5

Inventory:

Armour
 a - a +0 robe (worn)
 f - a +2 cloak (worn)
Jewellery
 j - a ring of fire (left claw)
Scrolls
 c - a scroll of vulnerability {unknown}
 d - a scroll of enchant armour {unknown}
 e - a scroll of noise {unknown}
 h - 2 scrolls of identify {unknown}
Potions
 b - a potion of magic
 g - 3 potions of curing {unknown}
 i - a potion of haste {unknown}

Dungeon Overview and Level Annotations

Branches:
Dungeon (2/15)

Altars:

Shops:
D:1 * D:2

*:[
▒▒▒▒▒▒▒▒▒▒▒▒▒▒▒▒▒▒...▒.
▒▒▒▒▒. ▒. ▒. ▒. ▒▒▒▒▒▒▒
▒> ▒▒.....▒ ▒
▒...PP.▒▒▒▒▒
▒...nP.....▒
▒..PPP.▒▒▒.▒▒▒▒▒▒▒▒
▒......▒ ▒.▒......▒▒▒
▒.▒▒.▒▒▒ ▒.'......+..
▒....▒ ▒▒▒......▒▒▒
▒▒▒▒.▒ +.......▒▒ ▒.▒
▒.......▒▒ ▒.▒
▒.......▒▒ ▒.......▒▒


There were no monsters in sight!


Message History

You start resting.
Magic restored.
g - 3 fuming grey potions (gained 1)
i - a grey potion
j - a ring of fire Put ring on which claw? (Esc to cancel) < - no ring (left) > - no ring (right)
You feel more attuned to fire.
j - a ring of fire (left claw)
You open the door.
There is an open door here.
Found a book of Cantrips.
Your hobgoblin skeleton crumbles into dust!
You pick up a book of Cantrips and begin reading...
You add the spells Summon Small Mammal and Apportation to your library.
You open the door.
There is an open door here.
A rat comes into view.
Found Amizxiut's Assorted Antiques.
No reachable target in view!
Unknown command.
You barely miss the rat. The rat bites you.
You scratch the rat.
You kill the rat!
No target in view!
No target in view!
There is an entrance to Amizxiut's Assorted Antiques here.
Are you sure you want to abandon this character and quit the game? (Confirm with "yes".)

Action                   || total
-------------------------++-------
Melee: Unarmed           ||    50
 Cast: Necrotise         ||    32
 Stab: Sleeping          ||     2
Armor: Robe              ||    13
Dodge: Dodged            ||    41

Levels and vault maps discovered:
D:1:      minmay_arrival_four_houses, layout_rooms, serial_shops,
          nicolae_lakefront_shop, minmay_distorted
D:2:      layout_basic, serial_shops, nicolae_shop_behind_doors,
          nicolae_shop_overgrown_old_shop,
          nicolae_shop_temple_entry_statues_fountains, shop, uniq_jessica

Notes
Turn   | Place    | Note
-------+----------+-------------------------------------------
     0 | D:1      | sanka the Ghoul Necromancer began the quest for the Orb.
     0 | D:1      | Reached XP level 1. HP: 14/14 MP: 2/2
    65 | D:1      | Reached skill level 2 in Spellcasting
   126 | D:1      | Reached XP level 2. HP: 16/20 MP: 4/4
   580 | D:1      | Reached XP level 3. HP: 26/26 MP: 3/5
   711 | D:1      | Found Hacije's Assorted Antiques.
   804 | D:2      | Learned a level 3 spell: Vampiric Draining
   806 | D:2      | Found Tutuvef's Antique Armour Emporium.
   876 | D:2      | Found Mimen's Book Shop.
  1095 | D:2      | Reached skill level 5 in Necromancy
  1363 | D:2      | Found Amizxiut's Assorted Antiques.
  1376 | D:2      | Quit the game

Vanquished Creatures
  2 dart slugs (D:1)
  3 endoplasms
  A giant cockroach (D:1)
  2 goblins (D:1)
  7 hobgoblins
  3 kobolds
  2 quokkas
  4 ball pythons
  5 bats
  2 rats
31 creatures vanquished.

Vanquished Creatures (collateral kills)
  A hobgoblin (D:1)
  2 rats (D:1)
3 creatures vanquished.

Grand Total: 34 creatures vanquished
